 Dungeon Crawl Stone Soup version 0.30.0-16-gbe6223bb7e (webtiles) character file.

Game seed: 9861515974236000937

59 fleet the Chopper (level 3, -7/35 HPs)
             Began as a Minotaur Berserker on May 21, 2023.
             Was a Believer of Trog.
             Killed from afar by Sigmund (13 damage)
             ... with a bolt of light
             ... on level 2 of the Dungeon.
             The game lasted 00:01:54 (887 turns).

fleet the Chopper (Minotaur Berserker)               Turns: 887, Time: 00:01:55

Health: -7/35      AC:  2    Str: 23    XL:     3   Next: 78%
Magic:  2/2        EV: 12    Int:  4    God:    Trog [**....]
Gold:   84         SH:  0    Dex:  9    Spells: 2/2 levels left

rFire   . . .        a - +0 hand axe
rCold   . . .        (no shield)
rNeg    . . .        b - +0 animal skin
rPois   .            (helmet restricted)
rElec   .            (no cloak)
rCorr   .            (no gloves)
SInv    .            (no boots)
Will    .....        (no amulet)
Stlth   +            (no ring)
HPRegen 0.25/turn    (no ring)
MPRegen 0.08/turn

%: no passive effects
@: no status effects
A: horns 2, retaliatory headbutt
a: Renounce Religion, Berserk, Trog's Hand


You were on level 2 of the Dungeon.
You worshipped Trog.
Trog was pleased with you.
You visited 1 branch of the dungeon, and saw 2 of its levels.

You collected 84 gold pieces.

Inventory:

Hand Weapons
 a - a +0 hand axe (weapon)
Armour
 b - a +0 animal skin (worn)
Jewellery
 i - a ring of willpower
Scrolls
 c - a scroll of enchant armour {unknown}
 f - 3 scrolls of identify {unknown}
 g - a scroll of teleportation {unknown}
 h - a scroll of blinking {unknown}
Potions
 d - a potion of might {unknown}
 e - a potion of heal wounds {unknown}
 j - a potion of resistance {unknown}


   Skills:
 + Level 4.8 Fighting
 + Level 4.8 Axes
 - Level 2.4 Armour
 - Level 2.1 Dodging


You had 2 spell levels left.
You didn't know any spells.
Your spell library was empty.

Dungeon Overview and Level Annotations

Branches:
Dungeon (2/15)

Altars:
Hepliaklqana

Shops:
D:2 *

Annotations:
D:2 Sigmund


Innate Abilities, Weirdness & Mutations

You have a pair of horns on your head.
You reflexively headbutt those who attack you in melee.


Message History

Trog accepts your kill.
A giant cockroach is nearby!
You slash the giant cockroach!
You kill the giant cockroach!
Trog accepts your kill.
You hear some strange, mumbled words.
A puff of flame appears from out of thin air!
The puff of flame hits you.
There is a strange disturbance nearby!
No target in view!
There is a strange disturbance nearby!
No target in view!
There is a strange disturbance nearby!
No target in view!
There is a strange disturbance nearby!
No target in view!
Unknown command.
There is a strange disturbance nearby!
No target in view!
No target in view!
No target in view!
No target in view!
You hear a zap.
A bolt of light appears from out of thin air!
The bolt of light hits you!
You are confused.
* * * LOW HITPOINT WARNING * * *
You feel less confused. Something hits you.
* * * LOW HITPOINT WARNING * * *
You hear a zap.
A bolt of light appears from out of thin air!
The bolt of light misses you.
You are caught in the web!
There is a web here.
You disentangle yourself.
You hear a zap.
A bolt of light appears from out of thin air!
The bolt of light hits you!
You die...

.....#...##....#.#.#^#
#.##.#.).......#.....
#..................#
...................###.
...........#......._...
<..........#.......###
...........#.......#.#
.###+##........#{....#
... # #........#@#.#^#
###.# #......{.#8^.#
###.# #......†)#####
....###.........
.................
............:.....
....###............
...#########.#.....#
...#.....# #........


There were no monsters in sight!

Vanquished Creatures
  2 adders (D:2)
  A worm (D:2)
  A dart slug (D:2)
  4 bats
  An endoplasm (D:2)
  3 giant cockroaches
  A goblin (D:2)
  3 hobgoblins
  6 jackals (D:2)
  2 kobolds (D:2)
  2 quokkas
  3 ball pythons
  A frilled lizard (D:2)
  3 rats (D:2)
33 creatures vanquished.

Notes
Turn   | Place    | Note
-------+----------+-------------------------------------------
     0 | D:1      | fleet the Minotaur Berserker began the quest for the Orb.
     0 | D:1      | Reached XP level 1. HP: 19/19 MP: 0/0
    57 | D:1      | You fall into a shaft and drop 1 floor!
    69 | D:2      | Reached XP level 2. HP: 27/27 MP: 1/1
   612 | D:2      | Found Mabo's General Store.
   674 | D:2      | Reached XP level 3. HP: 34/34 MP: 2/2
   718 | D:2      | Reached ** piety under Trog
   820 | D:2      | Found a hazy altar of Hepliaklqana.
   858 | D:2      | Found a faded altar of an unknown god.
   871 | D:2      | Noticed Sigmund
   887 | D:2      | Killed from afar by Sigmund

Illustrated notes

Levels and vault maps discovered:
D:1:      giann_horns, layout_rooms, dreamdust_mushroom_princess,
          kennysheep_minor_cross, minmay_misc_feat_rows
D:2:      layout_basic, basic_altar, serial_shops, nicolae_shop_waterfront,
          shapermc_ecumenical_altar_mp_highgroup, uniq_sigmund, uniq_natasha

Skill      XL: |  1 |
---------------+----+-----
Fighting       | 4 |  4.8
Axes           | 4 |  4.8
Armour         | |  2.4
Dodging        | |  2.1

Action                     || total
---------------------------++-------
  Melee: Hand axe          ||    60
         Headbutt          ||    10
   Stab: Sleeping          ||     1
 Armour: Animal skin       ||    11
  Dodge: Dodged            ||    61
